3AAA
SIOUX FALLS RED PANDAS @ SALT LAKE CITY BUZZ
05/29/2039
 
TOP OF THE 1ST
Sioux Falls Red Pandas batting - Pitching for Salt Lake City Buzz : RHP Shawn Williams
Pitching: RHP Shawn Williams
Batting: LHB Yin-reng Hsueh 0-0: Foul Ball, location: 2F
0-1: Ball
1-1: Ball
2-1: Ground out 4-3 (Groundball, 4, EV 85.6 MPH)
Batting: RHB Edgar Baeza 0-0: Ball
1-0: Called Strike
1-1: Ball
2-1: Ball
3-1: Base on Balls
Batting: LHB Jason Ward 0-0: Ground out 5-3 (Groundball, 56S, EV 71.9 MPH)
Edgar Baeza to second
Batting: RHB Bryant Dixon 0-0: Ball
1-0: Ball
2-0: Called Strike
2-1: Foul Ball, location: 2F
2-2: Fly out, F7 (Flyball, 7LSF, EV 95.6 MPH)
Top of the 1st over - 0 runs, 0 hits, 0 errors, 1 left on base; Sioux Falls 0 - Salt Lake City 0
BOTTOM OF THE 1ST
Salt Lake City Buzz batting - Pitching for Sioux Falls Red Pandas : RHP Jaime van de Weideven
Pitching: RHP Jaime van de Weideven
Batting: LHB Glenn Lockhart 0-0: Called Strike
0-1: SINGLE (Groundball, 4M, EV 92.5 MPH) (infield hit)
Batting: SHB Cheong-hun Kang 0-0: Ball
1-0: Called Strike
1-1: Foul Ball, location: 2F
1-2: SINGLE (Groundball, 4MS, EV 71.9 MPH) (infield hit)
Glenn Lockhart to second
Batting: SHB Fa-hsien Tze 0-0: Ball
1-0: Foul Ball, location: 2F
1-1: Ball
2-1: Foul Ball, location: 2F
2-2: Fly out, F8 (Flyball, 8LD, EV 105.0 MPH)
Batting: LHB Richello Mabait 0-0: Ball
1-0: Called Strike
1-1: Ball
2-1: Ball
3-1: Base on Balls
Glenn Lockhart to third
Cheong-hun Kang to second
Batting: RHB Cooper Lowe 0-0: Ball
1-0: Called Strike
1-1: Swinging Strike
1-2: Ball
2-2: Fly out, F7 (Flyball, 7LS, EV 85.0 MPH)
Batting: RHB Steve Pugh 0-0: Called Strike
0-1: Swinging Strike
0-2: Ball
1-2: Foul Ball, location: 2F
1-2: Strikes out swinging
Bottom of the 1st over - 0 runs, 2 hits, 0 errors, 3 left on base; Sioux Falls 0 - Salt Lake City 0
TOP OF THE 2ND
Sioux Falls Red Pandas batting - Pitching for Salt Lake City Buzz : RHP Shawn Williams
Batting: RHB Félix Romero 0-0: Ball
1-0: Ball
2-0: Called Strike
2-1: Ball
3-1: Base on Balls
Batting: RHB José Jarca 0-0: Ball
1-0: Ball
2-0: Fly out, F5 (Flyball, 56D, EV 73.8 MPH)
Batting: RHB Arnold Giroux 0-0: Ball
1-0: Ball
2-0: Ball
3-0: Called Strike
3-1: Base on Balls
Félix Romero to second
Batting: RHB Gabriel Pérez 0-0: Called Strike
0-1: Ball
1-1: Ball
2-1: Fly out, F8 (Flyball, 8RM, EV 84.4 MPH)
Batting: RHB Apu Nahasapeemapetilon 0-0: Called Strike
0-1: Foul Ball, location: 2F
0-2: Strikes out swinging
Top of the 2nd over - 0 runs, 0 hits, 0 errors, 2 left on base; Sioux Falls 0 - Salt Lake City 0
BOTTOM OF THE 2ND
Salt Lake City Buzz batting - Pitching for Sioux Falls Red Pandas : RHP Jaime van de Weideven
Batting: LHB Bob Daugherty 0-0: SINGLE (Line Drive, 7S, EV 101.9 MPH)
Batting: RHB Scott Ramsey 0-0: Called Strike
0-1: Ball
1-1: Swinging Strike
1-2: Strikes out swinging
Batting: RHB Fontana Contaldo 0-0: Swinging Strike
0-1: Ball
1-1: Ball
2-1: Ball
3-1: Base on Balls
Bob Daugherty to second
Batting: LHB Glenn Lockhart 0-0: 3-RUN HOME RUN (Flyball, 9D, EV 103.1 MPH), Distance : 396 ft
Batting: SHB Cheong-hun Kang 0-0: Called Strike
0-1: Ground out 6-3 (Groundball, 6, EV 86.2 MPH)
Batting: SHB Fa-hsien Tze 0-0: Fly out, F8 (Line Drive, 8LD, EV 106.9 MPH)
Bottom of the 2nd over - 3 runs, 2 hits, 0 errors, 0 left on base; Sioux Falls 0 - Salt Lake City 3
TOP OF THE 3RD
Sioux Falls Red Pandas batting - Pitching for Salt Lake City Buzz : RHP Shawn Williams
Batting: LHB Yin-reng Hsueh 0-0: Ball
1-0: Fly out, F9 (Flyball, 89M, EV 89.4 MPH)
Batting: RHB Edgar Baeza 0-0: Fly out, F9 (Flyball, 9LMF, EV 86.2 MPH)
Batting: LHB Jason Ward 0-0: Ball
1-0: Ball
2-0: Ball
3-0: Called Strike
3-1: Fly out, F8 (Flyball, 78D, EV 87.5 MPH)
Top of the 3rd over - 0 runs, 0 hits, 0 errors, 0 left on base; Sioux Falls 0 - Salt Lake City 3
BOTTOM OF THE 3RD
Salt Lake City Buzz batting - Pitching for Sioux Falls Red Pandas : RHP Jaime van de Weideven
Batting: LHB Richello Mabait 0-0: Ball
1-0: Ground out 3-1 (Groundball, 34, EV 78.1 MPH)
Batting: RHB Cooper Lowe 0-0: Called Strike
0-1: Ball
1-1: Ball
2-1: Foul Ball, location: 2F
2-2: Foul Ball, location: 2F
2-2: Foul Ball, location: 2F
2-2: Foul Ball, location: 2F
2-2: Foul Ball, location: 2F
2-2: Ball
3-2: SINGLE (Groundball, 56D, EV 103.1 MPH)
Batting: RHB Steve Pugh 0-0: Ball
1-0: Foul Ball, location: 2F
1-1: Foul Ball, location: 2F
1-2: Foul Ball, location: 2F
1-2: Ball
2-2: Ball
3-2: Strikes out swinging
Cooper Lowe steals 2nd base
Batter strikes out.
Batting: LHB Bob Daugherty 0-0: Called Strike
0-1: Called Strike
0-2: Foul Ball, location: 2F
0-2: Foul Ball, location: 2F
0-2: Ball
1-2: Ball
2-2: Foul Ball, location: 2F
2-2: Strikes out swinging
Bottom of the 3rd over - 0 runs, 1 hit, 0 errors, 1 left on base; Sioux Falls 0 - Salt Lake City 3
TOP OF THE 4TH
Sioux Falls Red Pandas batting - Pitching for Salt Lake City Buzz : RHP Shawn Williams
Batting: RHB Bryant Dixon 0-0: Called Strike
0-1: Ball
1-1: Swinging Strike
1-2: Strikes out looking
Batting: RHB Félix Romero 0-0: Foul Ball, location: 2F
0-1: Ball
1-1: Swinging Strike
1-2: Ball
2-2: Ball
3-2: Fly out, F6 (Popup, 6M, EV 75.0 MPH)
Batting: RHB José Jarca 0-0: Ball
1-0: Ball
2-0: Called Strike
2-1: Ball
3-1: Swinging Strike
3-2: Foul Ball, location: 2F
3-2: Base on Balls
Batting: RHB Arnold Giroux 0-0: Ball
1-0: Called Strike
1-1: Called Strike
1-2: Ball
2-2: Foul Ball, location: 2F
2-2: Ground out 4-3 (Groundball, 4, EV 86.9 MPH)
Top of the 4th over - 0 runs, 0 hits, 0 errors, 1 left on base; Sioux Falls 0 - Salt Lake City 3
BOTTOM OF THE 4TH
Salt Lake City Buzz batting - Pitching for Sioux Falls Red Pandas : RHP Jaime van de Weideven
Batting: RHB Scott Ramsey 0-0: Called Strike
0-1: Ball
1-1: Swinging Strike
1-2: Ball
2-2: Strikes out swinging
Batting: RHB Fontana Contaldo 0-0: Ball
1-0: Ball
2-0: Ball
3-0: Base on Balls
Batting: LHB Glenn Lockhart 0-0: Called Strike
0-1: Ball
1-1: SINGLE (Groundball, 4D, EV 107.5 MPH)
Fontana Contaldo to second
Runner from 2nd tries for 3rd, SAFE, throw by CF made to third
Batting: SHB Cheong-hun Kang 0-0: Ball
1-0: Ball
2-0: Swinging Strike
2-1: Swinging Strike
2-2: Foul Ball, location: 2F
2-2: Strikes out swinging
Batting: SHB Fa-hsien Tze 0-0: Called Strike
0-1: Called Strike
0-2: Ball
1-2: Ball
Glenn Lockhart is caught stealing 2nd base 2-6
Bottom of the 4th over - 0 runs, 1 hit, 0 errors, 1 left on base; Sioux Falls 0 - Salt Lake City 3
TOP OF THE 5TH
Sioux Falls Red Pandas batting - Pitching for Salt Lake City Buzz : RHP Shawn Williams
Batting: RHB Gabriel Pérez 0-0: Called Strike
0-1: Swinging Strike
0-2: Ball
1-2: Ground out 6-3 (Groundball, 6, EV 85.0 MPH)
Batting: RHB Apu Nahasapeemapetilon 0-0: Ball
1-0: Ball
2-0: Ball
3-0: Called Strike
3-1: Ground out 5-3 (Groundball, 5S, EV 83.8 MPH)
Batting: LHB Yin-reng Hsueh 0-0: Called Strike
0-1: SINGLE (Line Drive, 89M, EV 93.1 MPH)
Batting: RHB Edgar Baeza 0-0: Ball
1-0: Ball
2-0: Called Strike
2-1: Ball
3-1: Base on Balls
Yin-reng Hsueh to second
Batting: LHB Jason Ward 0-0: Called Strike
0-1: Ball
1-1: Ground out U3 (Groundball, 3S, EV 70.0 MPH)
Top of the 5th over - 0 runs, 1 hit, 0 errors, 2 left on base; Sioux Falls 0 - Salt Lake City 3
BOTTOM OF THE 5TH
Salt Lake City Buzz batting - Pitching for Sioux Falls Red Pandas : RHP Jaime van de Weideven
Batting: SHB Fa-hsien Tze 0-0: Ball
1-0: SINGLE (Flyball, 6D, EV 90.6 MPH)
Batting: LHB Richello Mabait 0-0: Called Strike
0-1: Ball
1-1: SINGLE (Flyball, 78M, EV 95.0 MPH)
Fa-hsien Tze to second
Batting: RHB Cooper Lowe 0-0: Foul Ball, location: 2F
0-1: Ball
Wild Pitch!
Fa-hsien Tze to third
Richello Mabait to second
1-1: Foul Ball, location: 2F
1-2: Ball
2-2: Ball
3-2: Strikes out looking
Batting: RHB Steve Pugh 0-0: Ball
1-0: SINGLE (Groundball, 56, EV 110.0 MPH) (infield hit)
Fa-hsien Tze scores
Richello Mabait to third
Batting: LHB Bob Daugherty 0-0: Ball
1-0: Called Strike
1-1: Foul Ball, location: 2F
1-2: Strikes out looking
Batting: RHB Scott Ramsey 0-0: Swinging Strike
0-1: Ball
1-1: Ball
2-1: Swinging Strike
2-2: Foul Ball, location: 2F
2-2: Fly out, F8 (Flyball, 8LM, EV 88.8 MPH)
Bottom of the 5th over - 1 run, 3 hits, 0 errors, 2 left on base; Sioux Falls 0 - Salt Lake City 4
TOP OF THE 6TH
Sioux Falls Red Pandas batting - Pitching for Salt Lake City Buzz : RHP Shawn Williams
Batting: RHB Bryant Dixon 0-0: Ball
1-0: Ball
2-0: Ball
3-0: Base on Balls
Batting: RHB Félix Romero 0-0: Called Strike
0-1: Ball
1-1: Foul Ball, location: 2F
1-2: Ball
2-2: Foul Ball, location: 2F
2-2: Fly out, F8 (Flyball, 8LXD, EV 85.6 MPH)
Pitching: RHP Zhong-yi Huang
Batting: RHB José Jarca 0-0: Ball
1-0: Called Strike
1-1: Ball
2-1: Ball
3-1: Foul Ball, location: 2F
3-2: Base on Balls
Bryant Dixon to second
Batting: RHB Arnold Giroux 0-0: Ball
1-0: Called Strike
1-1: Ball
2-1: Foul Ball, location: 2F
2-2: Strikes out swinging
Batting: RHB Gabriel Pérez 0-0: Called Strike
0-1: Swinging Strike
0-2: Strikes out swinging
Top of the 6th over - 0 runs, 0 hits, 0 errors, 2 left on base; Sioux Falls 0 - Salt Lake City 4
BOTTOM OF THE 6TH
Salt Lake City Buzz batting - Pitching for Sioux Falls Red Pandas : RHP Jaime van de Weideven
Pitching: RHP Juan Ayala
Batting: RHB Fontana Contaldo 0-0: Foul Ball, location: 2F
0-1: SINGLE (Line Drive, 34D, EV 96.9 MPH)
Batting: LHB Glenn Lockhart 0-0: Ball
1-0: Bunted foul
1-1: Bunt missed!
1-2: Ball
2-2: Fly out, F8 (Flyball, 8LD, EV 99.4 MPH)
Batting: SHB Cheong-hun Kang 0-0: Ball
1-0: Fielders Choice at 2nd, 4-6 (Groundball, 4, EV 78.8 MPH)
Batting: SHB Fa-hsien Tze 0-0: Called Strike
Cheong-hun Kang steals 2nd base
0-1: Ball
Cheong-hun Kang steals 3rd base
1-1: Swinging Strike
1-2: Ball
2-2: Ball
3-2: SINGLE (Groundball, 34D, EV 99.4 MPH)
Cheong-hun Kang scores
Batting: LHB Richello Mabait 0-0: Ball
Fa-hsien Tze steals 2nd base
1-0: Called Strike
1-1: Ball
2-1: Fly out, F8 (Line Drive, 8RM, EV 108.8 MPH)
Bottom of the 6th over - 1 run, 2 hits, 0 errors, 1 left on base; Sioux Falls 0 - Salt Lake City 5
TOP OF THE 7TH
Sioux Falls Red Pandas batting - Pitching for Salt Lake City Buzz : RHP Zhong-yi Huang
Batting: RHB Apu Nahasapeemapetilon 0-0: Ball
1-0: Swinging Strike
1-1: Ball
2-1: Foul Ball, location: 2F
2-2: Foul Ball, location: 2F
2-2: Foul Ball, location: 2F
2-2: Strikes out looking
Batting: LHB Yin-reng Hsueh 0-0: Foul Ball, location: 2F
0-1: Ball
1-1: Foul Ball, location: 2F
1-2: Foul Ball, location: 2F
1-2: Ball
2-2: Foul Ball, location: 2F
2-2: Ball
3-2: Ground out 4-3 (Groundball, 4, EV 88.8 MPH)
Batting: RHB Edgar Baeza 0-0: Fly out, F8 (Flyball, 8RXD, EV 91.9 MPH)
Top of the 7th over - 0 runs, 0 hits, 0 errors, 0 left on base; Sioux Falls 0 - Salt Lake City 5
BOTTOM OF THE 7TH
Salt Lake City Buzz batting - Pitching for Sioux Falls Red Pandas : RHP Juan Ayala
Batting: RHB Cooper Lowe 0-0: Called Strike
0-1: Foul Ball, location: 2F
0-2: Foul Ball, location: 2F
0-2: SINGLE (Groundball, 34D, EV 100.6 MPH)
Batting: RHB Steve Pugh 0-0: Called Strike
0-1: Swinging Strike
0-2: Ball
1-2: Ball
2-2: Ball
3-2: Fly out, F8 (Line Drive, 8LM, EV 94.4 MPH)
Pitching: LHP António Castillo
Batting: LHB Bob Daugherty 0-0: Fly out, F7 (Flyball, 78S, EV 94.4 MPH)
Batting: RHB Scott Ramsey 0-0: Ball
1-0: Foul Ball, location: 2F
1-1: Called Strike
1-2: Foul Ball, location: 2F
1-2: Foul Ball, location: 2F
1-2: Ball
2-2: Ball
3-2: SINGLE (Line Drive, 8LS, EV 86.2 MPH)
Cooper Lowe to second
Cooper Lowe to third
Batting: RHB Fontana Contaldo 0-0: Called Strike
0-1: Foul Ball, location: 2F
0-2: Ball
1-2: Foul Ball, location: 2F
1-2: Ground out 4-3 (Groundball, 4, EV 86.9 MPH)
Bottom of the 7th over - 0 runs, 2 hits, 0 errors, 2 left on base; Sioux Falls 0 - Salt Lake City 5
TOP OF THE 8TH
Sioux Falls Red Pandas batting - Pitching for Salt Lake City Buzz : RHP Zhong-yi Huang
Batting: LHB Jason Ward 0-0: Called Strike
0-1: Ball
1-1: Foul Ball, location: 2F
1-2: Ball
2-2: Strikes out looking
Batting: RHB Bryant Dixon 0-0: Foul Ball, location: 2F
0-1: Swinging Strike
0-2: Ball
1-2: Strikes out swinging
Batting: RHB Félix Romero 0-0: Ball
1-0: Called Strike
1-1: Ball
2-1: DOUBLE (Line Drive, 78XD, EV 101.2 MPH)
Batting: RHB José Jarca 0-0: Fly out, F7 (Flyball, 7LM, EV 88.1 MPH)
Top of the 8th over - 0 runs, 1 hit, 0 errors, 1 left on base; Sioux Falls 0 - Salt Lake City 5
BOTTOM OF THE 8TH
Salt Lake City Buzz batting - Pitching for Sioux Falls Red Pandas : LHP António Castillo
Batting: LHB Glenn Lockhart 0-0: Foul Ball, location: 2F
0-1: Ball
1-1: Ball
2-1: Foul Ball, location: 2F
2-2: Fly out, F9 (Flyball, 9S, EV 87.5 MPH)
Batting: SHB Cheong-hun Kang 0-0: Ball
1-0: Foul Ball, location: 2F
1-1: Foul Ball, location: 2F
1-2: Fly out, F9 (Line Drive, 9D, EV 93.8 MPH)
Batting: SHB Fa-hsien Tze 0-0: Fly out, F8 (Flyball, 8LS, EV 96.2 MPH)
Bottom of the 8th over - 0 runs, 0 hits, 0 errors, 0 left on base; Sioux Falls 0 - Salt Lake City 5
TOP OF THE 9TH
Sioux Falls Red Pandas batting - Pitching for Salt Lake City Buzz : RHP Zhong-yi Huang
Batting: RHB Arnold Giroux 0-0: Ball
1-0: Ground out 4-3 (Groundball, 34, EV 108.1 MPH)
Batting: RHB Gabriel Pérez 0-0: Ball
1-0: Called Strike
1-1: Ball
2-1: Swinging Strike
2-2: Ball
3-2: SINGLE (Groundball, 5D, EV 101.9 MPH)
Pitching: RHP Chris Holmes
Batting: RHB Apu Nahasapeemapetilon 0-0: Fly out, F7 (Flyball, 78M, EV 86.9 MPH)
Batting: LHB Yin-reng Hsueh 0-0: Ball
1-0: DOUBLE (Flyball, 8RD, EV 105.0 MPH)
Gabriel Pérez to third
Batting: RHB Edgar Baeza 0-0: Ball
1-0: Swinging Strike
1-1: Ball
2-1: Ground out 6-3 (Groundball, 6, EV 85.0 MPH)
Top of the 9th over - 0 runs, 2 hits, 0 errors, 2 left on base; Sioux Falls 0 - Salt Lake City 5
Wednesday, July 8th, 2020 - OOTP Baseball 20.8 Build 74